 Dungeon Crawl Stone Soup version 0.30-a0-852-g08b95dd62f (webtiles) character file.

Game seed: 826010286382283024

890 cforsyth the Thaumaturge (level 7, -3/36 HPs)
             Began as a Deep Elf Earth Elementalist on Mar 5, 2023.
             Slain by a lemure (4 damage)
             ... led by Pikel
             ... on level 4 of the Dungeon.
             The game lasted 00:05:33 (4009 turns).

cforsyth the Thaumaturge (DEEE)                     Turns: 4009, Time: 00:05:33

Health: -3/36      AC:  9    Str:  5    XL:     7   Next: 77%
Magic:  15/21      EV: 11    Int: 22    God:
Gold:   209        SH:  0    Dex: 15    Spells: 22/23 levels left

rFire   + . .      SeeInvis .    (no weapon)
rCold   . . .      Faith    .    (no shield)
rNeg    . . .      Spirit   .    v - +2 leather armour {rF+}
rPois   .          Reflect  .    c - +0 helmet
rElec   .          Rampage  .    e - +0 cloak
rCorr   .                        t - +1 pair of gloves
Will    .....                    (no boots)
Stlth   ++                       (no amulet)
HPRegen 0.26/turn                (no ring)
MPRegen 0.17/turn                (no ring)

@: no status effects
A: no striking features
a: no special abilities


You were on level 4 of the Dungeon.
You visited 1 branch of the dungeon, and saw 4 of its levels.

You collected 209 gold pieces.

Inventory:

Armour
 a - a +0 robe
 c - a +0 helmet (worn)
 e - a +0 cloak (worn)
 t - a +1 pair of gloves (worn)
 v - a +2 leather armour of fire resistance (worn)
Jewellery
 n - a ring of fire
Scrolls
 g - a scroll of fear {unknown}
 j - 2 scrolls of magic mapping {unknown}
 k - 4 scrolls of fog {unknown}
 l - a scroll of amnesia {unknown}
 o - a scroll of enchant armour {unknown}
 p - a scroll of blinking {unknown}
 q - a scroll of teleportation {unknown}
 r - a scroll of identify {unknown}
 u - a scroll of vulnerability {unknown}
Potions
 b - a potion of magic
 d - 2 potions of attraction {unknown}
 f - 4 potions of mutation {unknown}
 h - 3 potions of resistance {unknown}
 i - a potion of cancellation {unknown}
 m - 2 potions of heal wounds {unknown}
 s - a potion of curing {unknown}
 w - a potion of brilliance {unknown}


   Skills:
 - Level 2.4 Dodging
 - Level 2.4 Stealth
 + Level 8.7 Spellcasting
 - Level 1.1 Transmutations
 + Level 7.6 Earth Magic


You had 22 spell levels left.
You knew the following spells:

 Your Spells              Type           Power      Damage    Failure   Level
a - Sandblast             Erth           86%        2d18      1%          1

Your spell library contained the following spells:

 Spells                   Type           Power      Damage    Failure   Level
 Passwall                 Tmut/Erth      23%        N/A       3%          2
 Stone Arrow              Conj/Erth      52%        3d10      7%          3
 Summon Small Mammal      Summ           36%        N/A       12%         1
 Cigotuvi's Dreadful Rot  Necr/Pois/Air  18%        N/A       17%         2
 Ensorcelled Hibernation  Hex/Ice        18%        N/A       17%         2
 Poisonous Vapours        Pois/Air       18%        N/A       17%         2
 Petrify                  Tmut/Erth      28%        N/A       19%         4
 Spider Form              Tmut/Pois      12%        N/A       28%         3
 Call Canine Familiar     Summ           9%         N/A       34%         3
 Mephitic Cloud           Conj/Pois/Air  9%         N/A       34%         3
 Summon Guardian Golem    Hex/Summ       9%         N/A       34%         3
 Anguish                  Hex/Necr       4%         N/A       75%         4


Dungeon Overview and Level Annotations

Branches:
Dungeon (4/15)
 Temple: D:4-7

Altars:
Ashenzari
Dithmenos
Elyvilon
Wu Jian
The Shining One

Annotations:
D:3 1 runed translucent door, Crazy Yiuf
D:4 Pikel


Message History

Aiming: Sandblast (safe; 1% risk of failure)
Press: ? - help, Shift-Dir - straight line, f/p - Pikel
Aim: Pikel, wielding a +0 whip of flaming and wearing a +0 robe (severely wounded, 81% to hit)
The blast of sand misses Pikel.
The lemure hits you but does no damage.
Pikel hits you with a +0 whip of flaming.
The lemure hits you. x2
Casting: Sandblast (safe; 1% risk of failure)
Confirm with . or Enter, or press ? or * to list all spells.
Aiming: Sandblast (safe; 1% risk of failure)
Press: ? - help, Shift-Dir - straight line, f/p - Pikel
Aim: Pikel, wielding a +0 whip of flaming and wearing a +0 robe (severely wounded, 81% to hit)
The blast of sand hits Pikel but does no damage.
Pikel is severely wounded.
Pikel closely misses you. The lemure hits you!
* * * LOW HITPOINT WARNING * * *
The lemure barely misses you. The lemure hits you but does no damage.
Pikel hits you with a +0 whip of flaming.
* * * LOW HITPOINT WARNING * * *
The lemure hits you but does no damage. The lemure barely misses you. x2
Casting: Sandblast (safe; 1% risk of failure)
Confirm with . or Enter, or press ? or * to list all spells.
Aiming: Sandblast (safe; 1% risk of failure)
Press: ? - help, Shift-Dir - straight line, f/p - Pikel
Aim: Pikel, wielding a +0 whip of flaming and wearing a +0 robe (severely wounded, 81% to hit)
The blast of sand hits Pikel!
Pikel is almost dead.
The lemure completely misses you. Pikel closely misses you.
The lemure hits you but does no damage. The lemure barely misses you.
Casting: Sandblast (safe; 1% risk of failure)
Confirm with . or Enter, or press ? or * to list all spells.
Aiming: Sandblast (safe; 1% risk of failure)
Press: ? - help, Shift-Dir - straight line, f/p - Pikel
Aim: Pikel, wielding a +0 whip of flaming and wearing a +0 robe (almost dead, 81% to hit)
The blast of sand hits Pikel but does no damage.
Pikel is almost dead.
Pikel closely misses you. The lemure hits you but does no damage.
The lemure hits you.
* * * LOW HITPOINT WARNING * * *
The lemure hits you.
You die...

..........♣..♣
#............♣
..#######.._.♣ ### ####
.#.####.#....♣####.##
#..###
###.......♣..♣.#....#
#.....
.#........♣♣♣♣.#....#
#.....
...#...........#....#
#.....
#.###..###....##...####
#..###
...#.#.###..5.##@5.#..#
####..
.#...#.#.......K55....#
#...
###....#..........[...#
#...
.#...###..............#
#... ....##
#..............# #...
#..##
#....#######..##########..
.#.#
#....####.##....#.....##..
#..#
#.....#....#..........####
#.##
#.....#....#..........#...


You could see Pikel and 3 lemures.

Vanquished Creatures
  Grinder (D:3)
  Eustachio (D:4)
  2 ogres
  A lemure (D:3)
  A phantom (D:4)
  A jelly (D:4)
  Terence (D:3)
  An iguana (D:4)
  Natasha (twice) (D:4)
  9 adders
  3 gnolls (D:4)
  2 worms
  4 orcs
  2 ball pythons
  6 bats
  7 endoplasms
  4 giant cockroaches
  12 goblins
  6 hobgoblins
  4 quokkas
  5 frilled lizards
  12 kobolds
  2 rats (D:2)
89 creatures vanquished.

Vanquished Creatures (others)
  12 plants (D:3)
12 creatures vanquished.

Grand Total: 101 creatures vanquished

Notes
Turn   | Place    | Note
-------+----------+-------------------------------------------
     0 | D:1      | cforsyth the Deep Elf Earth Elementalist began the quest
                  | for the Orb.
     0 | D:1      | Reached XP level 1. HP: 10/10 MP: 6/6
   382 | D:1      | Reached XP level 2. HP: 15/15 MP: 5/8
   975 | D:2      | Reached skill level 4 in Spellcasting
  1100 | D:2      | Reached XP level 3. HP: 19/19 MP: 8/10
  1340 | D:2      | Found a faded altar of an unknown god.
  1672 | D:2      | Reached XP level 4. HP: 24/24 MP: 10/12
  1807 | D:3      | Noticed Grinder
  2080 | D:3      | Paralysed by Grinder for 4 turns
  2324 | D:3      | Reached skill level 5 in Spellcasting
  2451 | D:3      | Found a broken altar of Ashenzari.
  2475 | D:3      | Noticed Terence
  2482 | D:3      | Killed Terence
  2483 | D:3      | Reached skill level 5 in Earth Magic
  2483 | D:3      | Reached XP level 5. HP: 28/28 MP: 8/14
  2547 | D:3      | Noticed an ogre
  2552 | D:3      | Killed an ogre
  2553 | D:3      | Reached skill level 6 in Spellcasting
  2695 | D:3      | Found a runed translucent door.
  2696 | D:3      | Noticed Crazy Yiuf
  2715 | D:3      | Found a glowing golden altar of the Shining One.
  2715 | D:3      | Found a white marble altar of Elyvilon.
  2760 | D:3      | Killed Grinder
  2761 | D:3      | Reached skill level 7 in Spellcasting
  2761 | D:3      | Reached XP level 6. HP: 16/32 MP: 11/18
  2823 | D:3      | Found an ornate altar of the Wu Jian Council.
  3095 | D:4      | Reached XP level 7. HP: 35/36 MP: 16/20
  3374 | D:4      | Noticed Natasha
  3377 | D:4      | Killed Natasha
  3396 | D:4      | Noticed Eustachio
  3401 | D:4      | Killed Eustachio
  3402 | D:4      | Reached skill level 8 in Spellcasting
  3581 | D:4      | Found a shadowy altar of Dithmenos.
  3638 | D:4      | Noticed Pikel
  3850 | D:4      | Noticed Natasha
  3855 | D:4      | Killed Natasha
  4009 | D:4      | HP: 1/36 [lemure[Pikel] (5)]
  4009 | D:4      | Slain by a lemure

Illustrated notes

Levels and vault maps discovered:
D:1:      wander_arrival_desolate, layout_loops_ring
D:2:      layout_loops_ring, hellmonk_ecumenical_altar_run_dry,
          amcnicky_mini_pool_small, hangedman_abyss_or_decor_stabs,
          minivault_23, minmay_bisected
D:3:      layout_rooms, nicolae_overflow_crystal_walls,
          mainiacjoe_overflow_chevrons, amethyst_overflow_temple_binary,
          eino_curves_04, uniq_crazy_yiuf_cottage, uniq_grinder, uniq_terence
D:4:      layout_gridville, mainiacjoe_overflow_alcove_1, kennysheep_doodads,
          minmay_misc_feat_alley, st_stairs_11, uniq_natasha, uniq_eustachio,
          uniq_pikel

Skill      XL: |  1  2  3  4  5  6  7 |
---------------+----------------------+-----
Spellcasting   | 4 5 7 8 |  8.7
Earth Magic    | 4 5 6 7 |  7.6
Dodging        | |  2.4
Stealth        | |  2.4
Transmutations | |  1.1

Action                     |  1- 3 |  4- 6 |  7- 9 || total
---------------------------+-------+-------+-------++-------
  Melee: Unarmed           |     2 |     1 |       ||     3
   Cast: Sandblast         |    50 |    46 |    41 ||   137
   Stab: Sleeping          |       |     1 |       ||     1
 Armour: Robe              |     7 |     3 |     1 ||    11
         Leather armour    |       |       |     9 ||     9
  Dodge: Dodged            |    10 |    11 |    19 ||    40

Table legend: (Time is in decaauts)
 A = Elapsed time spent in this place.
 B = Non-inter-level travel time spent in this place.
 C = Inter-level travel time spent in this place.
 D = Time resting spent in this place.
 E = Time spent auto-exploring this place.
 F = Levels seen in this place.
 G = Mean time per level.
                   A        B        C        D        E       F      G
               +--------+--------+--------+--------+--------+-----+--------+
         Total |   4078 |   3967 |    111 |    678 |   2684 |   4 | 1019.5 |
       Dungeon |   4078 |   3967 |    111 |    678 |   2684 |   4 | 1019.5 |
               +--------+--------+--------+--------+--------+-----+--------+

Top non-repeatable levels by time:
     D:2: 1317 daAuts
     D:1: 953 daAuts
     D:4: 921 daAuts
     D:3: 887 daAuts
